 Dungeon Crawl Stone Soup version 0.29.0-4-gdea44cf6ec (webtiles) character file.

Game seed: 1180489762304734652

44 qw the Sneak (level 3, -1/23 HPs)
             Began as a Gargoyle Delver on Sept 10, 2022.
             Was an Initiate of Okawaru.
             Killed from afar by an orc wizard (9 damage)
             ... with a puff of flame
             ... on level 5 of the Dungeon.
             The game lasted 00:00:18 (641 turns).

qw the Sneak (Gargoyle Delver)                       Turns: 641, Time: 00:00:18

Health: -1/23      AC:  6    Str: 17    XL:     3   Next: 62%
Magic:  3/3        EV: 11    Int: 10    God:    Okawaru [......]
Gold:   0          SH:  0    Dex: 11    Spells: 2/2 levels left

rFire   . . .      SeeInvis .   a - +0 hand axe
rCold   . . .      Faith    .   (no shield)
rNeg    + . .      Spirit   .   b - +0 leather armour
rPois   inf        Reflect  .   (no helmet)
rElec   +          Harm     .   (no cloak)
rCorr   .          Rampage  .   (no gloves)
Will    .....                   (no boots)
Stlth   +.........              (no amulet)
HPRegen 0.07/turn               (no ring)
MPRegen 0.08/turn               (no ring)

@: confused
A: sickness immunity, AC +3, negative energy resistance 1, electricity
resistance, torment resistance 1, petrification resistance
a: Renounce Religion


You were on level 5 of the Dungeon.
You worshipped Okawaru.
Okawaru was noncommittal.
You visited 2 branches of the dungeon, and saw 2 of its levels.


Innate Abilities, Weirdness & Mutations

You are immune to sickness and miasma.
Your stone body is resilient. (AC +3)
You are immune to poison.
You resist negative energy. (rN+)
You are resistant to electric shocks. (rElec)
You are resistant to unholy torment.
You are immune to petrification.


   Skills:
 - Level 3.2 Fighting
 + Level 3.5 Axes
 - Level 1.5 Dodging
 - Level 5.4 Stealth


You had 2 spell levels left.
You didn't know any spells.
Your spell library was empty.

Inventory:

Hand Weapons
 a - a +0 hand axe (weapon)
Armour
 b - a +0 leather armour (worn)
 c - a +0 scale mail
Wands
 g - a wand of digging (3)
Potions
 f - a potion of haste

Dungeon Overview and Level Annotations

Branches:
Dungeon (5/15)             Temple (1/1) D:5

Altars:
Ashenzari
Elyvilon
Fedhas
Kikubaaqudgha
Makhleb
Okawaru
Qazlal
Ru
Trog
Vehumet
Xom
Zin
The Shining One


Message History

You feel stronger. x2
You bump into the rock wall.
The orc wizard hits you but does no damage.
The orc wizard hits you but does no damage.
You're too confused to move!
The orc wizard completely misses you.
You feel less confused.
The orc wizard gestures at you while chanting.
You are confused.
You're too confused to move!
The orc wizard barely misses you.
The orc wizard hits you but does no damage.
You hit the orc wizard.
The orc wizard is moderately wounded.
The orc wizard closely misses you.
You barely miss the orc wizard.
The orc wizard is moderately wounded.
The orc wizard hits you but does no damage.
You hit the orc wizard but do no damage.
The orc wizard is moderately wounded.
The orc wizard hits you but does no damage.
The orc wizard hits you with a +0 dagger.
You hit the orc wizard.
The orc wizard is moderately wounded.
You feel less confused.
The orc wizard hits you but does no damage.
You hit the orc wizard.
The orc wizard is heavily wounded.
The orc wizard casts a spell at you.
You are confused.
The orc wizard closely misses you.
You miss the orc wizard.
The orc wizard is heavily wounded.
The orc wizard hits you but does no damage.
You closely miss the orc wizard.
The orc wizard is heavily wounded.
The orc wizard hits you but does no damage.
The orc wizard points at you and mumbles some strange words.
The puff of flame hits you!
You die...

........... ..........
.......... #......... ?#+#
+......... #... #.........
#...#### #..%......
##......######'####
##.............@...#
...............o...# ##..
...................#####....
............................
.......#..)#................
.....#..#.#.....?..#........
.o...#...>[.....##..........
........#.#.....###.........
....##.#...#........>.......


You could see an orc wizard.

Vanquished Creatures
  A hound (D:5)
  An adder (D:5)
  2 orcs (D:5)
4 creatures vanquished.

Notes
Turn   | Place    | Note
-------+----------+-------------------------------------------
     0 | D:5      | qw the Gargoyle Delver began the quest for the Orb.
     0 | D:5      | Reached XP level 1. HP: 14/14 MP: 1/1
     0 | D:5      | 0 ||| qw: Version: 0.1-a-116-g5d60599
     0 | D:5      | 0 ||| qw: Game counter: 7749
     0 | D:5      | 0 ||| qw: Always use a shield: true
     0 | D:5      | 0 ||| qw: God list: Okawaru
     0 | D:5      | 0 ||| qw: Allow faded altars: false
     0 | D:5      | 0 ||| qw: Do Orc after D:15 true
     0 | D:5      | 0 ||| qw: Do second Lair branch before Depths: true
     0 | D:5      | 0 ||| qw: Lair rune preference: random
     0 | D:5      | 0 ||| qw: Plans: Normal
     0 | D:5      | 0 ||| PLANNING D:1-11
    14 | D:5      | Found a staircase to the Ecumenical Temple.
    15 | D:5      | 15 ||| PLANNING TEMPLE
    31 | D:5      | HP: 3/14 [adder (2)]
    42 | D:5      | Reached XP level 2. HP: 5/19 MP: 2/2
   270 | D:5      | 270 ||| DROPPING scroll of fog.
   271 | D:5      | 271 ||| DROPPING scroll of magic mapping.
   272 | D:5      | 272 ||| DROPPING scroll of fear.
   422 | D:5      | 422 ||| Stepping ~*~*~tactically~*~*~ (stealth).
   425 | D:5      | 425 ||| Stepping ~*~*~tactically~*~*~ (stealth).
   428 | D:5      | 428 ||| Stepping ~*~*~tactically~*~*~ (stealth).
   430 | D:5      | 430 ||| Stepping ~*~*~tactically~*~*~ (stealth).
   440 | D:5      | 440 ||| Stepping ~*~*~tactically~*~*~ (stealth).
   441 | D:5      | 441 ||| Stepping ~*~*~tactically~*~*~ (stealth).
   442 | D:5      | 442 ||| Stepping ~*~*~tactically~*~*~ (stealth).
   485 | D:5      | 485 ||| Stepping ~*~*~tactically~*~*~ (stealth).
   486 | D:5      | 486 ||| Stepping ~*~*~tactically~*~*~ (stealth).
   492 | D:5      | 492 ||| Stepping ~*~*~tactically~*~*~ (stealth).
   493 | D:5      | 493 ||| Stepping ~*~*~tactically~*~*~ (stealth).
   496 | D:5      | 496 ||| Stepping ~*~*~tactically~*~*~ (stealth).
   498 | D:5      | 498 ||| Stepping ~*~*~tactically~*~*~ (stealth).
   499 | D:5      | 499 ||| Stepping ~*~*~tactically~*~*~ (stealth).
   500 | D:5      | 500 ||| Stepping ~*~*~tactically~*~*~ (stealth).
   501 | D:5      | 501 ||| Stepping ~*~*~tactically~*~*~ (stealth).
   502 | D:5      | 502 ||| Stepping ~*~*~tactically~*~*~ (stealth).
   503 | D:5      | 503 ||| Stepping ~*~*~tactically~*~*~ (stealth).
   521 | Temple   | Entered the Ecumenical Temple
   579 | Temple   | 579 ||| PLANNING D:1-11
   585 | Temple   | Became a worshipper of Warmaster Okawaru
   623 | D:5      | Reached skill level 3 in Axes
   623 | D:5      | Reached XP level 3. HP: 11/23 MP: 3/3
   641 | D:5      | Killed from afar by an orc wizard

Levels and vault maps discovered:
D:5:      layout_basic, minmay_temple_entry_crystal_x,
          gammafunk_ghost_gnarly_gnolls, uniq_sigmund, uniq_crazy_yiuf_cottage
Temple:   nicolae_temple_god_jail

Skill      XL: |  1  2 |
---------------+-------+-----
Axes           | 2 3 |  3.5
Fighting       | |  3.2
Dodging        | |  1.5
Stealth        | |  5.4

Action                   || total
-------------------------++-------
Melee: Hand axe          ||    55
       Punch             ||     2
Armor: Leather armour    ||    29
Dodge: Dodged            ||    33

Table legend:
 A = Non-vault XP
 B = Vault XP
 C = Vault XP percentage of total XP
 D = Non-vault monster count
 E = Vault monster count
 F = Vault count percentage of total count
                 A         B        C        D         E       F
            +---------+---------+-------+---------+---------+-------
      Total |      64 |       0 |   0.0 |       4 |       0 |   0.0
            +---------+---------+-------+---------+---------+-------
        D:5 |      64 |       0 |   0.0 |       4 |       0 |   0.0
            +---------+---------+-------+---------+---------+-------
